 Dungeon Crawl Stone Soup version 0.27-a0-1147-gb3d8e82157 (webtiles) character file.

Game seed: 9611746997709545801

1621 Froggeryz the Frost Mage (level 8, -2/33 (41) HPs)
             Began as a Tengu Ice Elementalist on May 12, 2021.
             Slain by Duvessa
             ... wielding a +1 rapier of draining
              (3 damage)
             ... on level 5 of the Dungeon.
             The game lasted 00:07:54 (5227 turns).

Froggeryz the Frost Mage (Tengu Ice Elementalist)   Turns: 5227, Time: 00:07:54

HP:   -2/33 (41)    AC: 15    Str:  9    XL:     8   Next: 96%
MP:   8/12          EV: 14    Int: 17    God:
Gold: 367           SH:  0    Dex: 15    Spells: 8/11 levels left

rFire    + . .     SeeInvis +   p - +3 scimitar (protect)
rCold    . . .     Faith    .   (no shield)
rNeg     . . .     Spirit   .   x - +2 robe {rF+}
rPois    .         Reflect  .   e - +2 hat
rElec    .         Harm     .   b - +0 cloak
rCorr    +         Rampage  .   n - +0 pair of gloves
Will     .....                  (boots unavailable)
Stlth    +.........             r - amulet of regeneration
HPRegen  1.11/turn              t - ring of resist corrosion
MPRegen  0.13/turn              a - ring of see invisible

@: lit by a corona, under a protective aura, freezing walls, flying quickly and
evasively, glowing, heavily drained, quick
A: beak, talons 3, nimble flight
a: no special abilities


You were on level 5 of the Dungeon.
You visited 1 branch of the dungeon, and saw 5 of its levels.

You collected 367 gold pieces.

Inventory:

Hand Weapons
 p - a +3 scimitar of protection (weapon)
 u - the +11 hand axe of Compassion {freeze, rPois rF- Dex+6}
   (You took it off an orc on level 3 of the Dungeon)

   It has been specially enchanted to freeze those struck by it, causing extra
   injury to most foes and up to half again as much damage against particularly
   susceptible opponents.
   It can also slow down cold-blooded creatures.
   It affects your dexterity (+6).
   It makes you vulnerable to fire.
   It protects you from poison.
Armour
 b - a +0 cloak (worn)
 e - a +2 hat (worn)
 n - a +0 pair of gloves (worn)
 q - a +0 buckler
 x - a +2 robe of fire resistance (worn)
Jewellery
 a - a ring of see invisible (right hand)
 r - an amulet of regeneration (around neck)
 t - a ring of resist corrosion (left hand)
Scrolls
 d - a scroll of identify
 f - 2 scrolls of blinking
 g - a scroll of fog
 j - a scroll of enchant armour
 k - a scroll of amnesia
 l - a scroll of summoning
 m - 2 scrolls of fear
 w - a scroll of teleportation
Potions
 c - a potion of attraction {unknown}
 h - 3 potions of brilliance {unknown}
 i - 4 potions of lignification
 o - a potion of heal wounds {unknown}
 s - a potion of curing
 z - a potion of resistance


   Skills:
 - Level 2.1 Dodging
 - Level 2.0 Stealth
 + Level 5.2 Shields
 - Level 2.0 Spellcasting
 * Level 9.5 Ice Magic


You had 8 spell levels left.
You knew the following spells:

 Your Spells              Type           Power      Damage    Failure   Level
b - Frozen Ramparts       Ice            68%        1d8       1%          3

Your spell library contained the following spells:

 Spells                   Type           Power      Damage    Failure   Level
 Freeze                   Ice            100%       1d11      1%          1
 Ozocubu's Armour         Ice            34%        N/A       1%          3
 Animate Skeleton         Necr           2%         N/A       19%         1
 Beastly Appendage        Tmut           2%         N/A       19%         1
 Pain                     Necr           4%         1d4       19%         1
 Sandblast                Erth           2%         2d4       19%         1
 Hailstorm                Conj/Ice       17%        3d6       26%         4
 Ice Form                 Ice/Tmut       17%        N/A       26%         4
 Passwall                 Tmut/Erth      0%         N/A       28%         2
 Wereblood                Tmut           1%         N/A       28%         2
 Spider Form              Tmut/Pois      0%         N/A       50%         3
 Stone Arrow              Conj/Erth      2%         3d7       50%         3
 Vampiric Draining        Necr           0%         2d6       50%         3
 Metabolic Englaciation   Hex/Ice        8%         N/A       58%         5
 Animate Dead             Necr           0%         N/A       88%         4
 Petrify                  Tmut/Erth      1%         N/A       88%         4
 Agony                    Necr           1%         N/A       99%         5
 Hydra Form               Tmut           0%         N/A       99%         5
 Lee's Rapid Deconstruct  Erth           0%         3d5*      99%         5


Dungeon Overview and Level Annotations

Branches:
Dungeon (5/15)
 Temple: D:4-7

Altars:
Beogh

Annotations:
D:5 Duvessa


Innate Abilities, Weirdness & Mutations

You have a beak for a mouth.
You have claws for feet.
Your magical nature lets you fly swiftly and evasively.


Message History

The walls around you are covered in ice.
Dowan gestures wildly while chanting.
Dowan blinks!
The wall freezes Duvessa.
Duvessa misses you.
You riposte.
You completely miss Duvessa. You claw Duvessa, but do no damage.
Your peck misses Duvessa.
Duvessa is moderately wounded.
You hit Duvessa but do no damage.
Duvessa is moderately wounded.
The wall freezes Dowan.
Dowan casts a spell at you.
You are outlined in light.
The wall freezes Duvessa!
Duvessa hits you with a +1 rapier of draining!
You feel drained.
The wall freezes Dowan.
You kill Dowan!
Duvessa screams, "No!
How DARE you!"
Duvessa goes berserk!
Unknown command.
You hit Duvessa but do no damage.
Duvessa is heavily wounded.
The wall freezes Duvessa.
Duvessa barely misses you.
The wall freezes Duvessa.
Duvessa closely misses you.
Unknown command.
You barely miss Duvessa. Your peck misses Duvessa.
Duvessa is severely wounded.
The wall freezes Duvessa.
Duvessa hits you but does no damage.
You feel drained.
The wall freezes Duvessa.
Duvessa hits you with a +1 rapier of draining!
* * * LOW HITPOINT WARNING * * *
You feel drained.
* * * LOW HITPOINT WARNING * * *
You hit Duvessa but do no damage.
Duvessa is severely wounded.
The wall freezes Duvessa.
Duvessa hits you but does no damage.
You feel drained.
The wall freezes Duvessa.
Duvessa hits you but does no damage.
You feel drained.
The wall freezes Duvessa.
Duvessa hits you with a +1 rapier of draining.
* * * LOW HITPOINT WARNING * * *
You feel drained.
You die...

#.#.## ##.#.# ##.##
#.# ##.# #..# ##.## #
##..###### ###
##......§@# ..#
#..######e# .####
##.## §.§ ....###..#
§..§≈ ........##
..§§..≈ ........#
§=≈....≈#
......)#####≈....≈.≈#
....).)....#≈..≈$..§#
######)....#


You could see Duvessa (berserk).

Vanquished Creatures
  Menkaure (D:5)
  A water moccasin (D:2)
  The ghost of boysha the Skirmisher, an amateur OgWr (D:3)
  A black bear (D:5)
  A centaur (D:5)
  2 phantoms (D:5)
  Blork the orc (D:4)
  A scorpion (D:5)
  A water moccasin skeleton (D:4)
  Dowan (D:5)
  A bullfrog skeleton (D:5)
  3 hounds
  3 jellies
  Crazy Yiuf (D:2)
  A scorpion zombie (D:3)
  5 orc wizards
  A hound skeleton (D:4)
  7 gnolls
  7 adders
  8 river rats (D:5)
  An ufetubus (D:5)
  3 worms
  18 orcs
  5 bats
  6 endoplasms
  4 giant cockroaches
  5 hobgoblins
  14 jackals
  8 quokkas
  4 ball pythons
  7 frilled lizards
  2 goblins
  5 kobolds
  17 rats
147 creatures vanquished.

Vanquished Creatures (collateral kills)
  An endoplasm (D:1)
  2 jackals (D:1)
3 creatures vanquished.

Vanquished Creatures (others)
  3 plants (D:2)
3 creatures vanquished.

Grand Total: 153 creatures vanquished

Notes
Turn   | Place    | Note
-------+----------+-------------------------------------------
     0 | D:1      | Froggeryz the Tengu Ice Elementalist began the quest for
                  | the Orb.
     0 | D:1      | Reached XP level 1. HP: 10/10 MP: 4/4
   138 | D:1      | Reached skill level 4 in Ice Magic
   138 | D:1      | Reached XP level 2. HP: 15/15 MP: 1/6
   587 | D:1      | Found a faded altar of an unknown god.
   802 | D:1      | Reached XP level 3. HP: 16/19 MP: 4/7
   894 | D:2      | Noticed a water moccasin
  1005 | D:2      | Learned a level 3 spell: Frozen Ramparts
  1018 | D:2      | Killed a water moccasin
  1019 | D:2      | Reached skill level 5 in Ice Magic
  1019 | D:2      | Reached XP level 4. HP: 18/24 MP: 0/8
  1019 | D:2      | Gained mutation: Your magical nature lets you fly swiftly
                  | and evasively. [Tengu growth]
  1019 | D:2      | Reached XP level 5. HP: 22/28 MP: 0/9
  1209 | D:2      | Found a runed translucent door.
  1210 | D:2      | Noticed Crazy Yiuf
  1683 | D:2      | Reached skill level 6 in Ice Magic
  2019 | D:2      | Killed Crazy Yiuf
  2593 | D:3      | Reached XP level 6. HP: 32/32 MP: 10/10
  3175 | D:3      | Reached skill level 1 in Shields
  3285 | D:3      | Found a runed translucent gate.
  3285 | D:3      | Found a runed translucent gate.
  3285 | D:3      | Found a runed translucent gate.
  3288 | D:3      | Noticed boysha's ghost (amateur OgWr)
  3289 | D:3      | Identified the +11 hand axe of Compassion {freeze, rPois
                  | rF- Dex+6}
  3373 | D:3      | Killed boysha's ghost
  3374 | D:3      | Reached skill level 7 in Ice Magic
  3532 | D:4      | Reached XP level 7. HP: 35/36 MP: 11/11
  3605 | D:4      | Noticed Blork the orc
  3614 | D:4      | Killed Blork the orc
  4244 | D:5      | Entered Level 5 of the Dungeon
  4345 | D:5      | Noticed Menkaure
  4353 | D:5      | Killed Menkaure
  4354 | D:5      | Reached skill level 8 in Ice Magic
  4408 | D:5      | Reached XP level 8. HP: 41/41 MP: 8/12
  4963 | D:5      | Reached skill level 9 in Ice Magic
  5066 | D:5      | Reached skill level 5 in Shields
  5212 | D:5      | Noticed Duvessa
  5212 | D:5      | Noticed Dowan
  5224 | D:5      | Killed Dowan
  5227 | D:5      | HP: 1/35 [Duvessa/+1 rapier of draining (6)]
  5227 | D:5      | Slain by Duvessa

Illustrated notes

Levels and vault maps discovered:
D:1:      lightli_arrival_lavapool, layout_rooms, ebering_ecumenical_altar_ruins
D:2:      layout_loops_cross, serial_forest, infiniplex_forest_lined_4_way,
          infiniplex_forest_clump_double, infiniplex_forest_clump_small,
          infiniplex_forest_clump_tiny, infiniplex_forest_clump_cross,
          infiniplex_forest_clump_long, minmay_tetromino_o2,
          uniq_crazy_yiuf_cottage
D:3:      layout_basic, biasface_ghost_orc_armoury,
          minmay_randomly_rotated_circles
D:4:      layout_loops_ring, uniq_blork_the_orc
D:5:      lemuel_ratsnest, layout_layer_cave, kennysheep_another_room,
          kennysheep_generic_room_7, uniq_edmund, uniq_duvessa, uniq_menkaure

Skill      XL: |  1  2  3  4  5  6  7  8 |
---------------+-------------------------+-----
Ice Magic      | 4 5 6 7 8 9 |  9.5
Shields        | 2 3 5 |  5.2
Dodging        | |  2.1
Stealth        | |  2.0
Spellcasting   | |  2.0

Action                   |  1- 3 |  4- 6 |  7- 9 || total
-------------------------+-------+-------+-------++-------
Melee: Unarmed           |    10 |    16 |       ||    26
       Peck              |     1 |    11 |    21 ||    33
       Scimitar          |       |    45 |   121 ||   166
       Kick              |       |    16 |    35 ||    51
 Cast: Freeze            |    29 |    24 |     1 ||    54
       Frozen Ramparts   |     1 |     7 |    15 ||    23
  Use: Scroll            |     1 |       |    11 ||    12
       Potion            |     1 |       |       ||     1
 Stab: Sleeping          |       |     3 |       ||     3
       Distracted        |       |     1 |       ||     1
Armor: Robe              |    10 |    24 |    67 ||   101
Dodge: Dodged            |    36 |    63 |   104 ||   203
       Rpst.: Scimitar   |       |    11 |    30 ||    41

Table legend: (Time is in decaauts)
 A = Elapsed time spent in this place.
 B = Non-inter-level travel time spent in this place.
 C = Inter-level travel time spent in this place.
 D = Time resting spent in this place.
 E = Time spent auto-exploring this place.
 F = Levels seen in this place.
 G = Mean time per level.
                   A        B        C        D        E       F      G
               +--------+--------+--------+--------+--------+-----+--------+
         Total |   4978 |   4796 |    182 |    380 |   3528 |   5 |  995.6 |
       Dungeon |   4978 |   4796 |    182 |    380 |   3528 |   5 |  995.6 |
               +--------+--------+--------+--------+--------+-----+--------+

Top non-repeatable levels by time:
     D:2: 1246 daAuts
     D:3: 1189 daAuts
     D:5: 956 daAuts
     D:1: 866 daAuts
     D:4: 720 daAuts
